SA
NIAGARA FALLS EXPOS @ MANCELONA TORCH
09/06/2041
 
TOP OF THE 1ST
Niagara Falls Expos batting - Pitching for Mancelona Torch : LHP Jordon Glen Anderson
Pitching: LHP Jordon Glen Anderson
Batting: RHB Arnie Birand 0-0: Called Strike
0-1: Fly out, F9 (Flyball, 9S, EV 90.0 MPH)
Batting: LHB Conrad Overdevest 0-0: Ball
1-0: Called Strike
1-1: Ball
2-1: Ball
3-1: Base on Balls
Batting: LHB Alex Joly 0-0: Ball
1-0: Called Strike
1-1: Ball
2-1: Foul Ball, location: 2F
2-2: Grounds into double play, 6-4-3 (Groundball, 6, EV 83.1 MPH)
Top of the 1st over - 0 runs, 0 hits, 0 errors, 0 left on base; Niagara Falls 0 - Mancelona 0
BOTTOM OF THE 1ST
Mancelona Torch batting - Pitching for Niagara Falls Expos : RHP Bob Hollingsworth
Pitching: RHP Bob Hollingsworth
Batting: RHB Joe Havermeyer 0-0: Ball
1-0: Ball
2-0: Fly out, F9 (Line Drive, 9D, EV 89.4 MPH)
Batting: RHB Ramiro Castillo 0-0: Called Strike
0-1: Foul Ball, location: 2F
0-2: Ball
1-2: DOUBLE (Flyball, 8RXD, EV 105.6 MPH)
Batting: LHB Diego Alejandro Ureña 0-0: Ball
1-0: Ball
2-0: Called Strike
2-1: Foul Ball, location: 2F
2-2: Ground out 4-3 (Groundball, 4, EV 87.5 MPH)
Ramiro Castillo to third
Batting: RHB Bill Wells 0-0: Ball
1-0: Ball
2-0: Ball
3-0: Base on Balls
Batting: SHB Alan Campbell 0-0: Foul Ball, location: 2F
0-1: Ball
1-1: Ball
2-1: Called Strike
2-2: DOUBLE (Line Drive, 78XD, EV 100.6 MPH)
Ramiro Castillo scores
Bill Wells to third
Runner from 3rd tries for Home, SAFE, throw by CF to home
Batting: RHB Paul Sykes 0-0: Called Strike
0-1: Ground out 6-3 (Groundball, 6, EV 89.4 MPH)
Bottom of the 1st over - 2 runs, 2 hits, 0 errors, 1 left on base; Niagara Falls 0 - Mancelona 2
TOP OF THE 2ND
Niagara Falls Expos batting - Pitching for Mancelona Torch : LHP Jordon Glen Anderson
Batting: RHB Jorge Núñez 0-0: Ball
1-0: Fly out, F7 (Flyball, 78S, EV 88.1 MPH)
Batting: RHB Nick O'Quigley 0-0: Ball
1-0: Ball
2-0: Called Strike
2-1: Ball
3-1: DOUBLE (Flyball, 8RXD, EV 92.5 MPH)
Batting: RHB Pablo Wolz 0-0: Called Strike
0-1: Foul Ball, location: 2F
0-2: Ball
1-2: Hit by Pitch
Batting: RHB Rafael Navia 0-0: SINGLE (Line Drive, 8RS, EV 106.9 MPH)
Nick O'Quigley to third
Pablo Wolz to second
Batting: RHB Edwin Hastings 0-0: Ball
1-0: Ball
2-0: Called Strike
2-1: Called Strike
2-2: Ball
3-2: Reached on error, E5 (Groundball, 56, EV 106.9 MPH)
Nick O'Quigley scores
Pablo Wolz to third
Rafael Navia to second
Batting: SHB Mark Brantley 0-0: Ball
1-0: Ball
2-0: DOUBLE (Line Drive, 9LM, EV 113.1 MPH)
Pablo Wolz scores
Rafael Navia scores
Edwin Hastings to third
Runner from 3rd tries for Home, throw by RF and OUT! 9-4-2
Runner from 2nd tries for 3rd, throw by C and OUT! 2-4-5 Double Play!
Top of the 2nd over - 3 runs, 3 hits, 1 error, 0 left on base; Niagara Falls 3 - Mancelona 2
BOTTOM OF THE 2ND
Mancelona Torch batting - Pitching for Niagara Falls Expos : RHP Bob Hollingsworth
Batting: RHB Glen Stockhill 0-0: Foul Ball, location: 2F
0-1: Called Strike
0-2: Foul Ball, location: 2F
0-2: Ball
1-2: Ball
2-2: Strikes out swinging
Batting: RHB Francisco Rocha 0-0: Called Strike
0-1: Swinging Strike
0-2: Strikes out looking
Batting: RHB Marc Chagall 0-0: Ball
1-0: Ball
2-0: Called Strike
2-1: Ground out 4-3 (Groundball, 4, EV 88.1 MPH)
Bottom of the 2nd over - 0 runs, 0 hits, 0 errors, 0 left on base; Niagara Falls 3 - Mancelona 2
TOP OF THE 3RD
Niagara Falls Expos batting - Pitching for Mancelona Torch : LHP Jordon Glen Anderson
Batting: RHB Arnie Birand 0-0: Ball
1-0: Ball
2-0: Swinging Strike
2-1: Called Strike
2-2: SINGLE (Line Drive, 9S, EV 106.2 MPH)
Batting: LHB Conrad Overdevest 0-0: Ball
1-0: Called Strike
1-1: Called Strike
1-2: Foul Ball, location: 2F
1-2: Foul Ball, location: 2F
1-2: Foul Ball, location: 2F
1-2: Foul Ball, location: 2F
1-2: Ball
2-2: Foul Ball, location: 2F
2-2: Fly out, F8 (Flyball, 8LD, EV 95.6 MPH)
Batting: LHB Alex Joly 0-0: Ball
1-0: Foul Ball, location: 2F
1-1: Fielders Choice at 2nd, 4-6 (Groundball, 4, EV 80.0 MPH)
Batting: RHB Jorge Núñez 0-0: Called Strike
0-1: Ball
1-1: Fly out, F8 (Flyball, 8LM, EV 95.6 MPH)
Top of the 3rd over - 0 runs, 1 hit, 0 errors, 1 left on base; Niagara Falls 3 - Mancelona 2
BOTTOM OF THE 3RD
Mancelona Torch batting - Pitching for Niagara Falls Expos : RHP Bob Hollingsworth
Batting: RHB Joe Havermeyer 0-0: Called Strike
0-1: Foul Ball, location: 2F
0-2: Ball
1-2: Ground out 6-3 (Groundball, 6, EV 93.8 MPH)
Batting: RHB Ramiro Castillo 0-0: Ball
1-0: Ball
2-0: Called Strike
2-1: Foul Ball, location: 2F
2-2: Strikes out swinging
Batting: LHB Diego Alejandro Ureña 0-0: Ball
1-0: Ball
2-0: Fly out, F7 (Flyball, 7D, EV 107.5 MPH)
Bottom of the 3rd over - 0 runs, 0 hits, 0 errors, 0 left on base; Niagara Falls 3 - Mancelona 2
TOP OF THE 4TH
Niagara Falls Expos batting - Pitching for Mancelona Torch : LHP Jordon Glen Anderson
Batting: RHB Nick O'Quigley 0-0: Called Strike
0-1: Foul Ball, location: 2F
0-2: Foul Ball, location: 2F
0-2: Fly out, F7 (Flyball, 7S, EV 86.2 MPH)
Batting: RHB Pablo Wolz 0-0: Ball
1-0: Called Strike
1-1: Ground out U3 (Groundball, 3, EV 103.8 MPH)
Batting: RHB Rafael Navia 0-0: Ball
1-0: Ball
2-0: Called Strike
2-1: Ball
3-1: Foul Ball, location: 2F
3-2: Foul Ball, location: 2F
3-2: Strikes out looking
Top of the 4th over - 0 runs, 0 hits, 0 errors, 0 left on base; Niagara Falls 3 - Mancelona 2
BOTTOM OF THE 4TH
Mancelona Torch batting - Pitching for Niagara Falls Expos : RHP Bob Hollingsworth
Batting: RHB Bill Wells 0-0: Called Strike
0-1: Swinging Strike
0-2: Foul Ball, location: 2F
0-2: Ball
1-2: Foul Ball, location: 2F
1-2: Strikes out looking
Batting: SHB Alan Campbell 0-0: Foul Ball, location: 2F
0-1: Ball
1-1: Foul Ball, location: 2F
1-2: Ball
2-2: Ball
3-2: Ground out U3 (Groundball, 3S, EV 86.9 MPH)
Batting: RHB Paul Sykes 0-0: Ball
1-0: Ball
2-0: Swinging Strike
2-1: Foul Ball, location: 2F
2-2: Strikes out swinging
Bottom of the 4th over - 0 runs, 0 hits, 0 errors, 0 left on base; Niagara Falls 3 - Mancelona 2
TOP OF THE 5TH
Niagara Falls Expos batting - Pitching for Mancelona Torch : LHP Jordon Glen Anderson
Batting: RHB Edwin Hastings 0-0: Fly out, F9 (Flyball, 89D, EV 94.4 MPH)
Batting: SHB Mark Brantley 0-0: Ball
1-0: Fly out, F9 (Flyball, 9S, EV 95.0 MPH)
Batting: RHB Arnie Birand 0-0: Foul Ball, location: 2F
0-1: Called Strike
0-2: Ball
1-2: Strikes out looking
Top of the 5th over - 0 runs, 0 hits, 0 errors, 0 left on base; Niagara Falls 3 - Mancelona 2
BOTTOM OF THE 5TH
Mancelona Torch batting - Pitching for Niagara Falls Expos : RHP Bob Hollingsworth
Pitching: LHP Pablo Mareno
Batting: RHB Glen Stockhill 0-0: Called Strike
0-1: Ball
1-1: Swinging Strike
1-2: Strikes out looking
Batting: RHB Francisco Rocha 0-0: Fly out, F9 (Flyball, 89D, EV 90.0 MPH)
Batting: RHB Marc Chagall 0-0: Called Strike
0-1: Swinging Strike
0-2: Ball
1-2: Strikes out swinging wild pitch, reaches first!
Batting: RHB Joe Havermeyer 0-0: Ball
1-0: Swinging Strike
1-1: Foul Ball, location: 2F
1-2: Fly out, F5 (Line Drive, 6, EV 66.2 MPH)
Bottom of the 5th over - 0 runs, 0 hits, 0 errors, 1 left on base; Niagara Falls 3 - Mancelona 2
TOP OF THE 6TH
Niagara Falls Expos batting - Pitching for Mancelona Torch : LHP Jordon Glen Anderson
Batting: LHB Conrad Overdevest 0-0: Called Strike
0-1: Called Strike
0-2: Foul Ball, location: 2F
0-2: Strikes out swinging
Batting: LHB Alex Joly 0-0: Ball
1-0: Foul Ball, location: 2F
1-1: Swinging Strike
1-2: Strikes out swinging
Batting: RHB Jorge Núñez 0-0: Ball
1-0: Foul Ball, location: 2F
1-1: Ball
2-1: Foul Ball, location: 2F
2-2: Ball
3-2: Strikes out swinging
Top of the 6th over - 0 runs, 0 hits, 0 errors, 0 left on base; Niagara Falls 3 - Mancelona 2
BOTTOM OF THE 6TH
Mancelona Torch batting - Pitching for Niagara Falls Expos : LHP Pablo Mareno
Batting: RHB Ramiro Castillo 0-0: Ball
1-0: Called Strike
1-1: Ball
2-1: Ball
3-1: Swinging Strike
3-2: Base on Balls
Batting: LHB Diego Alejandro Ureña 0-0: Called Strike
0-1: Swinging Strike
0-2: Foul Ball, location: 2F
0-2: Ball
1-2: SINGLE (Groundball, 4D, EV 94.4 MPH)
Ramiro Castillo to second
Runner from 2nd tries for 3rd, SAFE, no throw by CF
Pitching: LHP Nooh Isa
Batting: RHB Bill Wells 0-0: Fielders Choice at 2nd, 1-6 (Groundball, 13, EV 84.4 MPH)
Batting: SHB Alan Campbell 0-0: Fly out, F8 (Flyball, 8LM, EV 85.0 MPH)
Runner from 3rd tags up, SCORES, throw by CF
Batting: RHB Paul Sykes 0-0: Called Strike
0-1: Foul Ball, location: 2F
0-2: Ball
1-2: Foul Ball, location: 2F
1-2: Ball
2-2: Strikes out looking
Bottom of the 6th over - 1 run, 1 hit, 0 errors, 1 left on base; Niagara Falls 3 - Mancelona 3
TOP OF THE 7TH
Niagara Falls Expos batting - Pitching for Mancelona Torch : LHP Jordon Glen Anderson
Pitching: RHP Hirokazu Morita
Batting: RHB Nick O'Quigley 0-0: Called Strike
0-1: Fly out, F9 (Line Drive, 9, EV 89.4 MPH)
Batting: RHB Pablo Wolz 0-0: Foul Ball, location: 2F
0-1: Called Strike
0-2: Strikes out looking
Batting: RHB Rafael Navia 0-0: Ball
1-0: Ground out U3 (Groundball, 34, EV 81.9 MPH)
Top of the 7th over - 0 runs, 0 hits, 0 errors, 0 left on base; Niagara Falls 3 - Mancelona 3
BOTTOM OF THE 7TH
Mancelona Torch batting - Pitching for Niagara Falls Expos : LHP Nooh Isa
Batting: RHB Glen Stockhill 0-0: Called Strike
0-1: Swinging Strike
0-2: Ball
1-2: Ball
2-2: Ball
3-2: Ground out 1-3 (Groundball, 25, EV 89.4 MPH)
Batting: RHB Francisco Rocha 0-0: Called Strike
0-1: Ground out 5-3 (Groundball, 56, EV 95.0 MPH)
Batting: RHB Marc Chagall 0-0: Swinging Strike
0-1: Ball
1-1: Foul Ball, location: 2F
1-2: Strikes out swinging
Bottom of the 7th over - 0 runs, 0 hits, 0 errors, 0 left on base; Niagara Falls 3 - Mancelona 3
TOP OF THE 8TH
Niagara Falls Expos batting - Pitching for Mancelona Torch : RHP Hirokazu Morita
Pitching: RHP Tom Johnson
Batting: RHB Edwin Hastings 0-0: Swinging Strike
0-1: SINGLE (Groundball, 56, EV 108.1 MPH) (infield hit)
Batting: SHB Mark Brantley 0-0: Ball
1-0: Ball
2-0: Called Strike
2-1: Ball
Edwin Hastings steals 2nd base
3-1: Foul Ball, location: 2F
3-2: Foul Ball, location: 2F
3-2: Strikes out swinging
Batting: RHB Arnie Birand 0-0: Called Strike
0-1: Ball
1-1: Swinging Strike
1-2: Ball
2-2: Foul Ball, location: 2F
2-2: Foul Ball, location: 2F
2-2: Ball
3-2: Foul Ball, location: 2F
3-2: Foul Ball, location: 2F
3-2: Base on Balls
Batting: LHB Conrad Overdevest 0-0: 3-RUN HOME RUN (Flyball, 89XD, EV 99.4 MPH), Distance : 411 ft
Pitching: LHP Jorge Ortega
Batting: LHB Alex Joly 0-0: Fly out, F3 (Line Drive, 3, EV 73.8 MPH)
Batting: RHB Jorge Núñez 0-0: Ball
1-0: Ball
2-0: Called Strike
2-1: Called Strike
2-2: SINGLE (Line Drive, 78S, EV 98.1 MPH)
Batting: RHB Nick O'Quigley 0-0: Ball
Jorge Núñez is caught stealing 2nd base 2-4
Top of the 8th over - 3 runs, 3 hits, 0 errors, 0 left on base; Niagara Falls 6 - Mancelona 3
BOTTOM OF THE 8TH
Mancelona Torch batting - Pitching for Niagara Falls Expos : LHP Nooh Isa
Batting: RHB Joe Havermeyer 0-0: Called Strike
0-1: Ball
1-1: Foul Ball, location: 2F
1-2: Ball
2-2: SINGLE (Groundball, 56D, EV 96.2 MPH)
Batting: RHB Ramiro Castillo 0-0: Foul Ball, location: 2F
0-1: Hit by Pitch
Joe Havermeyer to second
Batting: LHB Diego Alejandro Ureña 0-0: Ball
1-0: SINGLE (Line Drive, 7S, EV 85.0 MPH)
Joe Havermeyer to third
Ramiro Castillo to second
Runner from 3rd tries for Home, SAFE, throw by LF to home
Pitching: RHP Yaw Selemani
Batting: RHB Bill Wells 0-0: Fielders Choice at 2nd, 6-4 (Groundball, 6M, EV 84.4 MPH)
Ramiro Castillo to third
Batting: SHB Alan Campbell 0-0: Ball
1-0: Called Strike
1-1: Foul Ball, location: 2F
1-2: SINGLE (Groundball, 34D, EV 101.2 MPH)
Ramiro Castillo scores
Bill Wells to second
Runner from 2nd tries for 3rd, SAFE, throw by RF made to third
Batting: RHB Paul Sykes 0-0: Ball
1-0: Called Strike
1-1: Ball
2-1: Ball
3-1: Called Strike
3-2: SINGLE (Groundball, 4MD, EV 98.1 MPH)
Bill Wells scores
Alan Campbell to second
Batting: RHB Glen Stockhill 0-0: Called Strike
0-1: Ball
1-1: Foul Ball, location: 2F
1-2: Strikes out looking
Batting: RHB Francisco Rocha 0-0: Ball
1-0: Swinging Strike
1-1: Fly out, F8 (Flyball, 8LD, EV 76.2 MPH)
Bottom of the 8th over - 3 runs, 4 hits, 0 errors, 2 left on base; Niagara Falls 6 - Mancelona 6
TOP OF THE 9TH
Niagara Falls Expos batting - Pitching for Mancelona Torch : LHP Jorge Ortega
Batting: RHB Nick O'Quigley 0-0: Ball
1-0: Ball
2-0: Swinging Strike
2-1: Foul Ball, location: 2F
2-2: Ball
3-2: Reached on error, E1 (Groundball, 15, EV 88.8 MPH)
Batting: RHB Pablo Wolz 0-0: Intentional Walk
Batting: RHB Rafael Navia 0-0: Called Strike
0-1: Ball
1-1: Swinging Strike
1-2: Foul Ball, location: 2F
1-2: Strikes out looking
Batting: RHB Edwin Hastings 0-0: Called Strike
0-1: Ball
1-1: SINGLE (Flyball, 9S, EV 89.4 MPH)
Nick O'Quigley to third
Pablo Wolz to second
Pitching: LHP Danny Byrd
Batting: SHB Mark Brantley 0-0: Ball
1-0: Ball
2-0: Called Strike
2-1: Foul Ball, location: 2F
2-2: Strikes out swinging
Batting: RHB Arnie Birand 0-0: Hit by Pitch
Nick O'Quigley scores
Pablo Wolz to third
Edwin Hastings to second
Batting: LHB Conrad Overdevest 0-0: Ball
1-0: Called Strike
1-1: DOUBLE (Line Drive, 8LXD, EV 111.2 MPH)
Pablo Wolz scores
Edwin Hastings scores
Arnie Birand to third
Runner from 3rd tries for Home, SAFE, throw by CF to trailing runner, OUT at third! 8-6-5
Top of the 9th over - 4 runs, 2 hits, 1 error, 0 left on base; Niagara Falls 10 - Mancelona 6
BOTTOM OF THE 9TH
Mancelona Torch batting - Pitching for Niagara Falls Expos : RHP Yaw Selemani
Batting: RHB Marc Chagall 0-0: Called Strike
0-1: Swinging Strike
0-2: Strikes out swinging
Batting: RHB Joe Havermeyer 0-0: Ball
1-0: Called Strike
1-1: SINGLE (Line Drive, 89S, EV 93.8 MPH)
Batting: RHB Ramiro Castillo 0-0: Ball
1-0: Called Strike
1-1: Ball
2-1: Swinging Strike
2-2: Fly out, F9 (Flyball, 9S, EV 87.5 MPH)
Batting: LHB Diego Alejandro Ureña 0-0: Swinging Strike
0-1: Ball
Wild Pitch!
Joe Havermeyer to second
1-1: Fly out, F7 (Flyball, 7D, EV 78.1 MPH)
Bottom of the 9th over - 0 runs, 1 hit, 0 errors, 1 left on base; Niagara Falls 10 - Mancelona 6
Tuesday, January 5th, 2021 - OOTP Baseball 20.8 Build 74